 Dungeon Crawl Stone Soup version 0.24.0-29-g8ce449bc06 (webtiles) character file.

Game seed: 5746314352045712337, levelgen mode: deterministic

9142 PainCeiling the Carver (level 11, -12/95 HPs)
             Began as a Red Draconian Ice Elementalist on Nov 15, 2019.
             Was a Believer of Qazlal.
             Mangled by a polar bear (13 damage)
             ... on level 1 of the Lair of Beasts.
             The game lasted 01:01:51 (11775 turns).

PainCeiling the Carver (DrIE)                      Turns: 11775, Time: 01:01:52

Health: -12/95     AC: 11    Str: 10    XL:     11   Next: 19%
Magic:  15/15      EV: 18    Int: 18    God:    Qazlal [**....]
Gold:   420        SH:  8    Dex: 13    Spells: 10/16 levels left

rFire    + . .     SeeInvis .   a - +1 long sword
rCold    . . .     Gourm    .   m - +0 buckler
rNeg     . . .     Faith    .   (armour unavailable)
rPois    .         Spirit   .   (helmet restricted)
rElec    .         Reflect  .   H - +0 cloak
rCorr    .         Harm     .   h - +1 pair of gloves
MR       .....                  y - +0 pair of boots
Stlth    ++........             k - amulet of the acrobat
HPRegen  0.25/turn              x - +1 ring of evasion
MPRegen  0.14/turn              (no ring)

@: about to teleport
A: breathe fire, unfitting armour, fire resistance 1, cold-blooded, AC +7
a: Breathe Fire, Upheaval, Renounce Religion


You were on level 1 of the Lair of Beasts.
You worshipped Qazlal.
Qazlal was pleased with you.
You were not hungry.

You visited 2 branches of the dungeon, and saw 10 of its levels.

You collected 420 gold pieces.

Inventory:

Hand Weapons
 a - a +1 long sword (weapon)
 b - the +4 hunting sling of the Assorted Songs {flame, rF+ MP+9 SInv}
   (You found it on level 8 of the Dungeon)

   It causes projectiles fired from it to burn those they strike, causing extra
   injury to most foes and up to half again as much damage against particularly
   susceptible opponents.
   It protects you from fire.
   It affects your magic capacity (+9).
   It lets you see invisible.
 c - a +0 spear
 j - a -1 spear
 D - a cursed +3 great sword
Missiles
 q - 210 stones
 B - 7 silver boomerangs (quivered)
Armour
 h - a +1 pair of gloves (worn)
 m - a +0 buckler (worn)
 y - a +0 pair of boots (worn)
 H - a +0 cloak (worn)
Jewellery
 k - an amulet of the acrobat (around neck)
 x - a +1 ring of evasion (left hand)
 J - an uncursed ring of ice {unknown}
Wands
 w - a wand of random effects (13)
 z - a wand of scattershot (4)
 C - a wand of digging (6)
 F - a wand of paralysis (8)
 I - a wand of disintegration (11)
Scrolls
 e - 2 scrolls of teleportation
 r - 6 scrolls of remove curse
 t - 2 scrolls of amnesia
 u - a scroll of enchant weapon
 v - 3 scrolls of blinking
 A - 5 scrolls of fog
 E - a scroll of fear
Potions
 d - 2 potions of brilliance
 f - 2 potions of cancellation
 g - 3 potions of curing
 i - 3 potions of might
 l - 2 potions of lignification
 n - a potion of invisibility {unknown}
 o - 2 potions of flight {unknown}
 p - a potion of resistance {unknown}
 K - a potion of haste {unknown}
Comestibles
 s - 4 chunks of flesh
 G - 15 rations


   Skills:
 + Level 8.8 Fighting
 + Level 8.9 Long Blades
 - Level 2.0 Polearms
 - Level 2.1 Throwing
 + Level 8.6 Dodging
 - Level 1.7 Stealth
 - Level 4.2 Shields
 - Level 3.0 Spellcasting
   Level 1.0 Conjurations
 - Level 3.0 Charms
 - Level 3.1 Translocations
 - Level 4.0 Ice Magic


You had 10 spell levels left.
You knew the following spells:

 Your Spells              Type           Power        Failure   Level  Hunger
a - Freeze                Ice            ###.         3%          1    None
b - Ozocubu's Armour      Chrm/Ice       ###.....     12%         3    ###....
c - Shroud of Golubria    Chrm/Tloc      ##....       7%          2    ##.....

Your spell library contained the following spells:

 Spells                   Type           Power        Failure   Level  Hunger
 Apportation              Tloc           ##....       4%          1    None
 Infusion                 Chrm           ##..         4%          1    None
 Song of Slaying          Chrm           ##......     7%          2    ##.....
 Throw Frost              Conj/Ice       ##....       9%          2    ##.....
 Flame Tongue             Conj/Fire      #....        13%         1    None
 Animate Skeleton         Necr           N/A          16%         1    None
 Confusing Touch          Hex            #.....       16%         1    None
 Summon Small Mammal      Summ           #...         16%         1    None
 Throw Flame              Conj/Fire      #.....       21%         2    ##.....
 Regeneration             Chrm/Necr      #.........   26%         3    ###....
 Spectral Weapon          Hex/Chrm       #.......     26%         3    ###....
 Inner Flame              Hex/Fire       #.......     43%         3    ###....
 Throw Icicle             Conj/Ice       ##......     50%         4    ####...
 Summon Ice Beast         Ice/Summ       #.......     56%         4    ####...
 Lee's Rapid Deconstruct  Erth           #.........   99%         5    ######.
 Statue Form              Tmut/Erth      #........    100%        6    #######


Dungeon Overview and Level Annotations

Branches:
Dungeon (9/15)             Temple (0/1) D:6            Lair (1/6) D:8
    Orc: D:9-12

Altars:
Cheibriados
Fedhas
Kikubaaqudgha
Makhleb
Nemelex Xobeh
Qazlal
Vehumet
Xom

Shops:
D:6 (

Annotations:
D:7 2 transporters, erloom's ghost, novice GnWn
Lair:1 Gastronok


Innate Abilities, Weirdness & Mutations

You can breathe blasts of fire.
Your fiery red scales are hard. (AC +7)
You cannot fit into any form of body armour.
Your flesh is heat resistant. (rF+)
You are cold-blooded and may be slowed by cold attacks.


Message History

You see here a torpor snail corpse.
You butcher the torpor snail corpse.
A polar bear comes into view.
You see here 4 chunks of flesh.
s - 4 chunks of flesh You have got your breath back.
The polar bear growls angrily.
You hear a horrible gurgling sound!
The polar bear completely misses you.
You riposte.
You hit the polar bear.
The polar bear is lightly wounded.
The polar bear closely misses you. You block the polar bear's attack.
Gastronok waves his eye-stalks in wide circles.
The air twists around and strikes you!
* * * LOW HITPOINT WARNING * * *
The polar bear bites you!!
* * * LOW HITPOINT WARNING * * *
The polar bear claws you but does no damage.
The polar bear closely misses you.
As you read the scroll of teleportation, it crumbles to dust.
You feel strangely unstable. The polar bear bites you!
You die...

# ##. # ..#.#
#######.#.# . #
#Pw..P#... ..#
#.###.#.# ...
+%#.'.### ...
#.###.#.#.# ...
#P.t.P#@.## (..
#.#######h#.###.#
...
#................
...
####P#.○##P##....
### #.## ##P.....
#w#####...... .
#.#..#......# ..
#..........#
#.#.......#


You could see Gastronok and a polar bear.

Vanquished Creatures
  A two-headed ogre (D:8)
  A death yak (Lair:1)
  A deep elf mage (D:8)
  Joseph (Lair:1)
  A spiny frog (Lair:1)
  A gargoyle (D:8)
  A torpor snail (Lair:1)
  A komodo dragon (D:8)
  A komodo dragon (shapeshifter) (D:8)
  A polar bear (Lair:1)
  A hippogriff (D:8)
  Prince Ribbit (D:8)
  A slime creature (D:8)
  5 yaks (Lair:1)
  4 water moccasins
  2 sky beasts
  2 orc warriors (D:6)
  4 black bears (Lair:1)
  A necrophage (D:5)
  An ice beast (D:5)
  4 ogres
  A phantom (D:4)
  A centaur (D:8)
  2 crocodiles
  2 big kobolds
  7 bullfrogs
  A gnoll sergeant (D:7)
  4 scorpions
  A water moccasin skeleton (D:4)
  A killer bee (D:8)
  3 wights
  A howler monkey (D:8)
  4 crimson imps
  2 bullfrog zombies
  2 quasits (D:8)
  5 hounds
  2 centaur skeletons
  2 orc priests
  2 jellies
  5 orc wizards
  An iguana (D:6)
  3 worker ants
  Robin (D:3)
  A worker ant zombie (D:7)
  9 gnolls
  9 adders
  2 oozes
  An adder skeleton (D:7)
  An adder zombie (D:6)
  4 worms
  2 dart slugs (D:1)
  3 leopard geckos
  15 orcs
  2 ball pythons
  8 giant cockroaches
  16 goblins
  17 hobgoblins
  5 jackals
  23 kobolds
  5 quokkas
  10 bats
  6 frilled lizards
  A jackal zombie (D:7)
  A leopard gecko skeleton (D:5)
  A quokka skeleton (D:4)
  A quokka zombie (D:5)
  2 rats
234 creatures vanquished.

Vanquished Creatures (others)
  7 plants (Lair:1)
7 creatures vanquished.

Grand Total: 241 creatures vanquished

Notes
Turn   | Place    | Note
-------+----------+-------------------------------------------
     0 | D:1      | PainCeiling the Draconian Ice Elementalist began the quest
                  | for the Orb.
     0 | D:1      | Reached XP level 1. HP: 14/14 MP: 3/3
   325 | D:1      | Reached XP level 2. HP: 16/20 MP: 5/5
   432 | D:1      | Reached skill level 1 in Polearms
  1058 | D:1      | You fall into a shaft and drop 1 floor!
  1129 | D:1      | Reached XP level 3. HP: 26/26 MP: 4/6
  1909 | D:2      | Reached XP level 4. HP: 33/33 MP: 5/8
  2035 | D:2      | Found a snail-covered altar of Cheibriados.
  2274 | D:2      | Learned a level 3 spell: Ozocubu's Armour
  2748 | D:3      | Noticed Robin
  2756 | D:3      | Killed Robin
  2966 | D:3      | Reached XP level 5. HP: 34/38 MP: 9/9
  2981 | D:3      | Reached skill level 1 in Charms
  3163 | D:3      | Found a sparkling altar of Nemelex Xobeh.
  3887 | D:4      | Noticed an ogre
  3893 | D:4      | Killed an ogre
  3893 | D:4      | Reached skill level 1 in Long Blades
  3895 | D:4      | Reached XP level 6. HP: 28/45 MP: 4/10
  5170 | D:5      | Entered Level 5 of the Dungeon
  5246 | D:5      | Your scales start taking on a fiery red colour.
  5246 | D:5      | Reached XP level 7. HP: 50/50 MP: 11/11
  5246 | D:5      | Gained mutation: Your flesh is heat resistant. (rF+) [Red
                  | Draconian growth]
  6185 | D:5      | Reached skill level 1 in Fighting
  6255 | D:5      | Found a radiant altar of Vehumet.
  6256 | D:5      | Found a burning altar of Makhleb.
  6711 | D:6      | Reached XP level 8. HP: 48/58 MP: 9/12
  6738 | D:6      | Found an ancient bone altar of Kikubaaqudgha.
  6903 | D:6      | Reached skill level 5 in Dodging
  7183 | D:6      | Found a stormy altar of Qazlal.
  7189 | D:6      | Became a worshipper of Qazlal Stormbringer
  7224 | D:6      | Found a staircase to the Ecumenical Temple.
  7232 | D:6      | Found Uhief's Antique Weapon Shop.
  7312 | D:6      | Reached skill level 5 in Long Blades
  8053 | D:7      | Reached skill level 1 in Throwing
  8335 | D:7      | Reached * piety under Qazlal
  8408 | D:7      | Reached XP level 9. HP: 72/72 MP: 13/13
  8701 | D:7      | Found a transporter.
  8701 | D:7      | Noticed erloom's ghost (novice GnWn)
  8861 | D:7      | Found a transporter.
  9335 | D:8      | Found a staircase to the Lair.
  9346 | D:8      | Got a pitted hunting sling
  9347 | D:8      | Identified the +4 hunting sling of the Assorted Songs
                  | {flame, rF+ MP+9 SInv} (You found it on level 8 of the
                  | Dungeon)
  9380 | D:8      | Found a blossoming altar of Fedhas.
  9401 | D:8      | Reached skill level 5 in Fighting
  9438 | D:8      | Reached skill level 1 in Shields
  9555 | D:8      | Learned a level 2 spell: Shroud of Golubria
  9644 | D:8      | Noticed Prince Ribbit
  9688 | D:8      | Found a shimmering altar of Xom.
  9689 | D:8      | Found a shimmering altar of Xom.
  9689 | D:8      | Found a shimmering altar of Xom.
  9690 | D:8      | Found a shimmering altar of Xom.
  9690 | D:8      | Found a shimmering altar of Xom.
  9782 | D:8      | Reached skill level 1 in Translocations
  9886 | D:8      | Noticed a two-headed ogre
  9893 | D:8      | Killed a two-headed ogre
 10029 | D:8      | Found a runed translucent door.
 10030 | D:8      | Noticed a gargoyle
 10031 | D:8      | Found a runed translucent door.
 10031 | D:8      | Found a runed translucent door.
 10031 | D:8      | Noticed a komodo dragon
 10040 | D:8      | Killed a gargoyle
 10040 | D:8      | Reached XP level 10. HP: 83/83 MP: 14/14
 10373 | D:8      | Noticed a deep elf mage
 10387 | D:8      | Killed a deep elf mage
 10392 | D:8      | Noticed a guardian serpent
 10392 | D:8      | a yak changed into a guardian serpent
 10433 | D:8      | a guardian serpent changed into a komodo dragon
 10481 | D:8      | Reached ** piety under Qazlal
 10536 | D:8      | Identified Teikiw's Incunabulum of Igneous Clay
 10634 | D:8      | Killed Prince Ribbit
 10689 | Lair:1   | Entered Level 1 of the Lair of Beasts
 10718 | Lair:1   | Noticed Joseph
 10765 | Lair:1   | Killed Joseph
 11154 | Lair:1   | Noticed Gastronok
 11294 | Lair:1   | Noticed a spiny frog
 11310 | Lair:1   | Killed a spiny frog
 11310 | Lair:1   | Reached XP level 11. HP: 12/95 MP: 15/15
 11722 | Lair:1   | Noticed a death yak
 11740 | Lair:1   | Killed a death yak
 11773 | Lair:1   | HP: 1/95 [polar bear (18)]
 11775 | Lair:1   | Mangled by a polar bear

Levels and vault maps discovered:
D:1:      mushboom_english_gardens, layout_basic,
          chequers_serial_rivers_large_b, minmay_misc_feat_x,
          kennysheep_doodads, minmay_liquid_box, st_stairs_3
D:2:      cheibrodos_old_hovel, layout_rooms, lemuel_doored_altar
D:3:      layout_basic, nemelex_altar_shiori, minmay_goblin_kobold_house,
          uniq_robin
D:4:      layout_basic, first_ration
D:5:      layout_loops_cross, grunt_temple_overflow_lords_of_destruction,
          kennysheep_potato
D:6:      layout_gridville, kiku_gazebo_pond_becter, lemuel_round_altar,
          temple_pool_b, serial_shops, shop
D:7:      layout_layer_cave, gammafunk_ghost_arena,
          chequers_hall_statues_corner_a, hangedman_decor_diamond_cutter
D:8:      minmay_the_grid_triangle_9x9_rhombus_full
          [minmay_the_grid_triangle_9x9_corruption,
          minmay_the_grid_triangle_9x9_alien,
          minmay_the_grid_triangle_9x9_shrine,
          minmay_the_grid_triangle_9x9_sprig,
          minmay_the_grid_triangle_9x9_longest,
          minmay_the_grid_triangle_9x9_warning,
          minmay_the_grid_triangle_9x9_fully_insulated_deathbox,
          minmay_the_grid_triangle_9x9_prize_top_heavy], layout_basic,
          xom_redecorated, uniq_prince_ribbit1
D:9:      layout_irregular_city
Lair:1:   beast_lair_carwin_large_1, layout_hall_layers,
          minmay_shattered_shrine, uniq_joseph, uniq_gastronok

Skill      XL: |  1  2  3  4  5  6  7  8  9 10 |
---------------+-------------------------------+-----
Polearms       | 1 2 |  2.0
Dodging        | 2 3 4 5 6 8 |  8.6
Spellcasting   | 3 |  3.0
Ice Magic      | 4 |  4.0
Charms         | 1 2 3 |  3.0
Long Blades    | 1 2 4 5 6 8 |  8.9
Fighting       | 1 4 6 8 |  8.8
Throwing       | 1 2 |  2.1
Shields        | 4 |  4.2
Translocations | 2 3 |  3.1
Stealth        | |  1.7
Conjurations   | |  1.0

Action                   |  1- 3 |  4- 6 |  7- 9 | 10-12 || total
-------------------------+-------+-------+-------+-------++-------
Melee: Spear             |   141 |    94 |       |       ||   235
       Tailslap          |     9 |    17 |    58 |    30 ||   114
       Long sword        |       |    88 |   321 |   241 ||   650
 Fire: Hunting sling     |       |       |     3 |       ||     3
Throw: Stone             |     1 |     4 |     1 |       ||     6
       Boomerang         |       |       |     1 |       ||     1
 Cast: Freeze            |    22 |    79 |    66 |     2 ||   169
       Ozocubu's Armour  |       |       |     1 |     4 ||     5
       Shroud of Golubri |       |       |       |     6 ||     6
 Abil: Breathe Fire      |       |       |    15 |    14 ||    29
  Use: Scroll            |     1 |    12 |     5 |     2 ||    20
       Potion            |       |       |     1 |     1 ||     2
 Stab: Sleeping          |     6 |     2 |     1 |       ||     9
  Eat: Chunk             |     4 |    10 |    16 |     7 ||    37
       Ration            |       |       |     1 |     1 ||     2
Armor: Skin              |    51 |    45 |   134 |    47 ||   277
Dodge: Dodged            |    94 |   127 |   339 |   156 ||   716
Block: Buckler           |       |       |    33 |   106 ||   139
       Other             |       |       |     2 |       ||     2
       Rpst.: Long sword |       |    30 |    85 |    58 ||   173
